AoeStats
← Malelf

Arabia

509186354Analyzed
1v1 RM · 6d ago on Sep 25, 2026· 51m 14s· 2 players
Game mode
Random Map
Map size
Tiny (2 player)
Population
200
Speed
Normal
Resources
Standard
Victory
Conquest
Starting age
Dark Age
Ending age
Imperial Age
RankedLock teamsTeams togetherTeam positionsShared explorationLock speedFull tech treeHidden civsTurbo modeCheats
Victory
Defeat
🇮🇹 Mongols · Italy
1723
+18
🇩🇪 Celts · Germany
1756
-18
Malelf
7:46 Loom
8:31 Loom
11:14 Feudal Age
15:47 Castle Age
14:00 Double-Bit Axe
20:07 Bow Saw
20:42 Wheelbarrow
21:33 Gold Mining
24:31 Horse Collar
26:12 Heavy Plow
31:47 Imperial Age
30:04 Hand Cart
29:57 Fletching
30:38 Bodkin Arrow
31:25 Bloodlines
31:15 Husbandry
31:18 Padded Archer Armor
32:17 Ballistics
32:12 Thumb Ring
32:52 Bracer
34:12 Chemistry
32:36 Light Cavalry
33:34 Town Watch
34:18 Conscription
35:11 Leather Archer Armor
35:02 Scale Barding Armor
35:07 Forging
36:26 Parthian Tactics
37:36 Hussar
39:57 Chain Barding Armor
40:13 Iron Casting
40:01 Elite Mangudai
42:55 Blast Furnace
43:09 Hoardings
42:43 Siege Engineers
42:49 Masonry
44:00 Drill
46:20 Stone Mining
47:07 Gold Shaft Mining
48:18 Nomads
L0has
6:22 Loom
9:55 Feudal Age
10:24 Double-Bit Axe
10:22 Horse Collar
18:28 Castle Age
17:42 Scale Mail Armor
21:12 Chain Mail Armor
23:10 Bow Saw
24:00 Wheelbarrow
24:11 Heavy Plow
24:03 Gold Mining
25:50 Forging
25:57 Town Watch
32:42 Imperial Age
31:20 Stone Mining
31:42 Fletching
34:13 Plate Mail Armor
33:06 Pikeman
35:11 Arson
34:59 Halberdier
38:13 Bodkin Arrow
39:53 Ballistics
44:50 Elite Woad Raider
Connection lost

Rejoining the realm…

Still unreachable

The connection could not be restored.

Session expired

The server has moved on; the page needs a fresh start.